 Dungeon Crawl Stone Soup version 0.26-a0-844-g3dd439832f (webtiles) character file.

Game seed: 1380269392759066571

724 sahdkjhfkaj the Magician (level 7, 0/33 HPs)
             Began as a Spriggan Enchanter on Nov 18, 2020.
             Incinerated by bastard's ghost (4 damage)
             ... with a sticky flame
             ... on level 4 of the Dungeon.
             The game lasted 00:12:10 (6939 turns).

sahdkjhfkaj the Magician (Spriggan Enchanter)       Turns: 6939, Time: 00:12:11

Health: 0/33       AC:  3    Str:  4    XL:     7   Next: 43%
Magic:  1/17       EV: 18    Int: 19    God:
Gold:   277        SH:  0    Dex: 16    Spells: 9/18 levels left

rFire    + . .     SeeInvis +   a - +0 dagger (vamp)
rCold    + . .     Faith    .   (shield restricted)
rNeg     . . .     Spirit   .   c - +0 robe
rPois    +         Reflect  .   (helmet restricted)
rElec    +         Harm     .   i - +0 cloak
rCorr    +         Rampage  .   (gloves unavailable)
MR       +....                  (boots unavailable)
Stlth    ++........             (no amulet)
HPRegen  0.11/turn              j - ring of stealth
MPRegen  0.15/turn              (no ring)

@: mighty, brilliant, liquid flames, resistant, glowing, lightly drained, very
quick
A: very small, unfitting armour, see invisible, speed 3
a: no special abilities


You were on level 4 of the Dungeon.
You visited 1 branch of the dungeon, and saw 4 of its levels.

You collected 277 gold pieces.

Inventory:

Hand Weapons
 a - a +0 vampiric dagger (weapon)
 b - a +0 hunting sling
Missiles
 m - 174 stones (quivered)
Armour
 c - a +0 robe (worn)
 i - a +0 cloak (worn)
Jewellery
 j - a ring of stealth (left hand)
Scrolls
 l - a scroll of remove curse {!r}
 n - a scroll of fog {!r}
 o - a scroll of enchant armour {!r}
Potions
 d - 2 potions of attraction {!q}


   Skills:
 - Level 1.0(0.5) Fighting
 - Level 3.0(2.5) Short Blades
 - Level 3.0(2.5) Dodging
 - Level 4.4(3.9) Stealth
 + Level 2.8(2.4) Shields
 - Level 6.0(5.5) Spellcasting
 - Level 5.0(4.5) Hexes
 - Level 1.0(0.5) Ice Magic
 - Level 4.0(3.5) Evocations


You had 9 spell levels left.
You knew the following spells:

 Your Spells              Type           Power        Failure   Level
a - Corona                Hex            ####...      1%          1
b - Ensorcelled Hibernat  Hex/Ice        ###...       6%          2
d - Tukima's Dance        Hex            ####....     5%          3
T - Confusing Touch       Hex            ####....     5%          3

Your spell library contained the following spells:

 Spells                   Type           Power        Failure   Level
 Beastly Appendage        Tmut           #.....       12%         1
 Dazzling Flash           Conj/Hex       ###...       14%         3
 Wereblood                Tmut           #.......     19%         2
 Spider Form              Tmut/Pois      #.........   34%         3
 Ice Form                 Ice/Tmut       #.......     71%         4
 Blade Hands              Tmut           #.........   97%         5


Dungeon Overview and Level Annotations

Branches:
Dungeon (4/15)
 Temple: D:4-7

Altars:
Okawaru
Wu Jian

Annotations:
D:3 phantom
D:4 bastard's ghost, amateur DEFE


Innate Abilities, Weirdness & Mutations

You are very small and have problems with some larger weapons.
You are too small for most types of armour.
You have supernaturally acute eyesight. (SInv)
You cover ground extremely quickly.


Message History

Confirm with . or Enter, or press ? or * to list all spells.
Okay, then.
Really quaff
g - a pink potion {!q}?
It was a potion of might {!q}.
You feel very mighty all of a sudden.
Bastard's ghost sprays you with burning goo.
The sticky flame hits you!
You are covered in liquid flames!
* * * LOW HITPOINT WARNING * * *
Really quaff
h - a puce potion {!q}?
It was a potion of brilliance {!q}.
You feel clever all of a sudden.
You are covered in liquid flames!
* * * LOW HITPOINT WARNING * * *
Bastard's ghost hits you but does no damage.
You feel drained.
Really quaff
f - a potion of resistance {!q}?
You feel protected.
You are covered in liquid flames!
You die...

[.........)...# #........#
...#....)####.# #........#
##.<...#.#....# #....)...#
...#.....#.#### #........#
.....#.###.# #........#
≈....#.....# #........#
##≈...###### ###..>.####
≈≈#.[.†)..# #### ####.....
≈≈##.###########@# #.'.....
≈#≈≈....#......#W# #.#.....
≈≈≈#....#.!##..#.# #.#.....
#≈##....#.#..#.#.# #[#.....
≈≈#.....#.#).#.#.## #.......
#≈#...#'#..##..#©.## ###.....
#.....#.#©....$#...###########'#.
......###..##.!#©..##.....####.#.
.########.#..#.#...#.......).#.#.


You could see bastard's ghost.

Vanquished Creatures
  An ogre (D:4)
  A hound (D:4)
  Crazy Yiuf (D:3)
  3 orc wizards (D:4)
  4 orc priests
  An iguana (D:3)
  3 worker ants
  3 adders
  2 oozes
  A worm (D:3)
  A dart slug (D:1)
  A leopard gecko (D:4)
  20 orcs
  10 bats
  3 giant cockroaches
  6 goblins
  3 hobgoblins
  13 jackals
  3 quokkas
  2 ball pythons
  A frilled lizard (D:3)
  8 kobolds
  6 rats
97 creatures vanquished.

Vanquished Creatures (collateral kills)
  Sigmund (D:3)
1 creature vanquished.

Vanquished Creatures (others)
  A dancing weapon (D:4)
  A fungus (D:3)
2 creatures vanquished.

Grand Total: 100 creatures vanquished

Notes
Turn   | Place    | Note
-------+----------+-------------------------------------------
     0 | D:1      | sahdkjhfkaj the Spriggan Enchanter began the quest for the
                  | Orb.
     0 | D:1      | Reached XP level 1. HP: 9/9 MP: 5/5
   119 | D:1      | Reached skill level 1 in Fighting
   381 | D:1      | Reached XP level 2. HP: 14/14 MP: 6/6
   386 | D:1      | Learned a level 2 spell: Ensorcelled Hibernation
  1303 | D:2      | Reached skill level 1 in Ice Magic
  1484 | D:2      | Reached XP level 3. HP: 18/18 MP: 8/8
  1612 | D:2      | Reached skill level 1 in Evocations
  1623 | D:2      | Reached skill level 3 in Spellcasting
  1641 | D:2      | Found an iron altar of Okawaru.
  1641 | D:2      | Found an ornate altar of the Wu Jian Council.
  2804 | D:3      | Reached XP level 4. HP: 22/22 MP: 6/9
  2808 | D:3      | Learned a level 3 spell: Tukima's Dance
  3121 | D:3      | Noticed Sigmund
  3138 | D:3      | Killed Sigmund
  3139 | D:3      | Reached skill level 4 in Spellcasting
  3139 | D:3      | Reached XP level 5. HP: 17/25 MP: 3/13
  4289 | D:3      | Reached skill level 5 in Spellcasting
  4343 | D:3      | Reached XP level 6. HP: 29/30 MP: 9/14
  4559 | D:3      | Found a runed translucent door.
  4560 | D:3      | Noticed Crazy Yiuf
  4769 | D:3      | Killed Crazy Yiuf
  4770 | D:3      | Reached skill level 1 in Shields
  4930 | D:4      | Got a shadowed robe
  4941 | D:4      | Identified the +1 robe "Sutujoa" {Harm rPois rN+ Dex+3}
                  | (You found it on level 4 of the Dungeon)
  5084 | D:3      | Learned a level 3 spell: Confusing Touch
  5497 | D:4      | Reached skill level 5 in Hexes
  6390 | D:4      | Reached XP level 7. HP: 29/33 MP: 12/16
  6684 | D:4      | Noticed bastard's ghost (amateur DEFE)
  6685 | D:4      | Found a transporter.
  6686 | D:4      | Identified the +7 dire flail of Wonaim {vorpal, rElec}
  6846 | D:4      | Found a transporter.
  6935 | D:4      | Reached skill level 6 in Spellcasting
  6939 | D:4      | Incinerated by bastard's ghost

Illustrated notes

Levels and vault maps discovered:
D:1:      lightli_arrival_chessboard, layout_loops_ring, minmay_liquid_box,
          minivault_23
D:2:      layout_loops_ring, grunt_temple_overflow_open, minmay_pentomino_w2
D:3:      layout_basic, corexii_hall_statues_s, uniq_crazy_yiuf_cottage,
          uniq_sigmund
D:4:      layout_basic, gammafunk_ghost_smash, minivault_4

Skill      XL: |  1  2  3  4  5  6  7 |
---------------+----------------------+-----
Fighting       | 1 |  1.0
Short Blades   | 2 3 |  3.0
Ice Magic      | 1 |  1.0
Evocations     | 2 4 |  4.0
Spellcasting   | 3 4 5 6 |  6.0
Hexes          | 4 5 |  5.0
Shields        | 2 |  2.8
Dodging        | |  3.0
Stealth        | |  4.4

Action                   |  1- 3 |  4- 6 |  7- 9 || total
-------------------------+-------+-------+-------++-------
Melee: Dagger            |   148 |   171 |   107 ||   426
 Fire: Hunting sling     |    17 |    13 |       ||    30
Throw: Dart              |       |       |     2 ||     2
 Cast: Corona            |     2 |       |       ||     2
       Ensorcelled Hiber |    17 |    50 |    14 ||    81
       Tukima's Dance    |       |     1 |     3 ||     4
       Confusing Touch   |       |     1 |     1 ||     2
  Use: Scroll            |     3 |     8 |       ||    11
       Potion            |       |       |     6 ||     6
 Stab: Sleeping          |    21 |    31 |     7 ||    59
       Confused          |       |     1 |     1 ||     2
Armor: Robe              |    11 |    13 |     9 ||    33
Dodge: Dodged            |   132 |   159 |    68 ||   359

Table legend: (Time is in decaauts)
 A = Elapsed time spent in this place.
 B = Non-inter-level travel time spent in this place.
 C = Inter-level travel time spent in this place.
 D = Time resting spent in this place.
 E = Time spent auto-exploring this place.
 F = Levels seen in this place.
 G = Mean time per level.
                   A        B        C        D        E       F      G
               +--------+--------+--------+--------+--------+-----+--------+
         Total |   5661 |   5558 |    103 |   1713 |   2862 |   4 | 1415.2 |
       Dungeon |   5661 |   5558 |    103 |   1713 |   2862 |   4 | 1415.2 |
               +--------+--------+--------+--------+--------+-----+--------+

Top non-repeatable levels by time:
     D:3: 2819 daAuts
     D:2: 1153 daAuts
     D:4: 877 daAuts
     D:1: 810 daAuts
